 Dungeon Crawl Stone Soup version 0.23.2 (webtiles) character file.

Game seed: 6641464739145761878

3916 Kairos the Cruncher (level 10, -7/79 HPs)
             Began as a Formicid Abyssal Knight on Apr 9, 2019.
             Was an Elder of Lugonu.
             Mangled by a two-headed ogre
             ... wielding a cursed +0 giant club
              (10 damage)
             ... on level 9 of the Dungeon.
             The game lasted 00:12:25 (7678 turns).

Kairos the Cruncher (Formicid Abyssal Knight)       Turns: 7678, Time: 00:12:26

Health: -7/79      AC: 13    Str: 23    XL:     10   Next: 43%
Magic:  0/11       EV: 12    Int: 13    God:    Lugonu [****..]
Gold:   124        SH:  4    Dex: 10    Spells: 6/9 levels left

rFire    . . .     SeeInvis +   B - +1 quarterstaff (speed)
rCold    . . .     Gourm    .   C - +0 buckler
rNeg     . . .     Faith    .   n - +0 chain mail
rPois    .         Spirit   .   (helmet unavailable)
rElec    .         Reflect  .   x - +0 cloak
rCorr    .         Harm     .   (no gloves)
MR       ++...                  (no boots)
Stlth    ..........             (no amulet)
HPRegen  0.23/turn              p - +3 ring of evasion
MPRegen  0.12/turn              t - +4 ring of strength

@: no status effects
A: permanent stasis, dig shafts and tunnels, four strong arms, antennae 3, thin
metallic scales 1, magic resistance 1, MP-powered wands
a: Dig, Shaft Self, Depart the Abyss, Bend Space, Banish, Corrupt, Renounce
Religion


You were on level 9 of the Dungeon.
You worshipped Lugonu.
Lugonu was greatly pleased with you.
You were full.

You visited 1 branch of the dungeon, and saw 9 of its levels.
You visited the Abyss 1 time.

You collected 264 gold pieces.
You spent 140 gold pieces at shops.

Inventory:

Hand Weapons
 a - a +1 spear
 s - a +1 trident of venom
 B - a +1 quarterstaff of speed (weapon)
 G - a +4 quarterstaff of chaos
Armour
 g - a +1 scale mail
 n - a +0 chain mail (worn)
 x - a +0 cloak (worn)
 C - a +0 buckler (worn)
Jewellery
 b - an uncursed ring of protection from magic
 l - an uncursed ring of flight
 m - a +4 ring of dexterity
 p - a +3 ring of evasion (left hand)
 t - a +4 ring of strength (right hand)
 D - an uncursed ring of stealth
Wands
 q - a wand of digging (6)
 F - a wand of flame (12)
Scrolls
 e - 6 scrolls of remove curse
 j - 2 scrolls of noise
 u - a scroll of amnesia
 w - 3 scrolls of enchant armour
 A - a scroll of fog
 E - 2 scrolls of teleportation {unknown}
Potions
 d - a potion of resistance {unknown}
 f - 8 potions of curing
 h - 2 potions of haste
 i - 4 potions of ambrosia
 k - a potion of heal wounds
 o - 3 potions of lignification {unknown}
 v - a potion of flight {unknown}
 z - 2 potions of magic {unknown}
 H - a potion of degeneration {unknown}
 I - a potion of agility {unknown}
Comestibles
 c - 18 rations


   Skills:
 + Level 7.3 Fighting
 + Level 5.7(8.2) Polearms
 + Level 9.1(9.8) Staves
 + Level 6.7 Armour
 + Level 3.0 Dodging
 + Level 2.4 Stealth
 + Level 3.0 Shields
 + Level 2.3 Invocations
 + Level 0.2 Evocations


You had 6 spell levels left.
You knew the following spells:

 Your Spells              Type           Power        Failure   Level  Hunger
a - Confuse               Hex            #.......     99%         3    ####...

Your spell library contained the following spells:

 Spells                   Type           Power        Failure   Level  Hunger
 Confusing Touch          Hex            #.....       90%         1    ##.....
 Summon Small Mammal      Summ           #...         90%         1    ##.....
 Call Imp                 Summ           #.......     97%         2    ###....
 Call Canine Familiar     Summ           #.......     99%         3    ####...
 Gell's Gravitas          Tloc           #.........   99%         3    ####...
 Summon Guardian Golem    Hex/Summ       #.......     99%         3    ####...
 Petrify                  Tmut/Erth      #.......     100%        4    #####..
 Summon Ice Beast         Ice/Summ       #.......     100%        4    #####..
 Summon Lightning Spire   Summ/Air       #.......     100%        4    #####..
 Metabolic Englaciation   Hex/Ice        #.........   100%        5    ######.
 Yara's Violent Unravell  Hex/Tmut       #.........   100%        5    ######.


Dungeon Overview and Level Annotations

Branches:
Dungeon (9/15)             Temple (0/1) D:4
   Lair: D:8-11         Orc: D:9-12

Altars:
Ashenzari
Dithmenos
Kikubaaqudgha
Nemelex Xobeh
Okawaru
Ru
Trog
Uskayaw
The Shining One

Shops:
D:5 *   D:7 ?


Innate Abilities, Weirdness & Mutations

You cannot be hasted, slowed, berserked, paralysed or teleported.
You can dig through walls and to a lower floor.
Your four strong arms can wield two-handed weapons with a shield.
You have a pair of large antennae on your head. (SInv)
You are partially covered in thin metallic scales. (AC +2)
You are resistant to hostile enchantments. (MR+)
You expend magic power (3 MP) to strengthen your wands.


Message History

The two-headed ogre is lightly wounded.
Cornered, the two-headed ogre turns to fight!
You sock the two-headed ogre!
The two-headed ogre is moderately wounded.
The two-headed ogre barely misses you.
The two-headed ogre hits you with a +0 giant spiked club!
* * * LOW HITPOINT WARNING * * *
Evoke which item? (* to show all) (? for menu, Esc to quit)
Aiming: Enslavement
Press: ? - help, Shift-Dir - straight line, f/p - two-headed ogre
Aim: a two-headed ogre, wielding a +0 giant club and a +0 giant spiked club (moderately wounded, chance to defeat MR: 28%)
The two-headed ogre easily resists.
Evoke which item? (* to show all) (? for menu, Esc to quit)
Aiming: Enslavement
Press: ? - help, Shift-Dir - straight line, f/p - two-headed ogre
Aim: a two-headed ogre, wielding a +0 giant club and a +0 giant spiked club (moderately wounded, chance to defeat MR: 29%)
You feel a slight surge of power.
The two-headed ogre easily resists.
The now-empty wand crumbles to dust.
The two-headed ogre hits you with a cursed +0 giant club!
You die...

### #@# #O#
############.#
#..........[.#
####.#......{####
##....#.#####{#
.#.####.# #.#
.#....{.# #.#
..O###### #.#


You could see a two-headed ogre.

Vanquished Creatures
  A two-headed ogre (D:8)
  Pikel (D:6)
  2 hippogriffs
  Menkaure (D:6)
  An orc warrior (D:3)
  2 ice beasts (D:8)
  A phantom (D:4)
  A black bear (D:8)
  3 ogres
  A centaur (D:7)
  A big kobold (D:8)
  A crocodile (D:8)
  3 bullfrogs
  A water moccasin skeleton (D:8)
  A scorpion (D:8)
  4 wights (D:7)
  2 howler monkeys
  A crimson imp (D:6)
  A bullfrog zombie (D:5)
  A centaur zombie (D:8)
  3 hounds (D:8)
  3 orc wizards
  Crazy Yiuf (D:6)
  4 orc priests
  2 jellies (D:7)
  Ijyb (D:3)
  2 centaur skeletons
  An iguana (D:5)
  2 worker ants
  A hound skeleton (D:8)
  A worker ant zombie (D:6)
  4 gnolls (D:6)
  9 adders
  A howler monkey skeleton (D:4)
  A shadow imp (D:8)
  3 oozes
  An adder skeleton (D:4)
  A worm (D:2)
  4 dart slugs
  A leopard gecko (D:3)
  30 orcs
  A ball python (D:1)
  5 bats
  6 giant cockroaches
  16 goblins
  7 hobgoblins
  14 jackals
  3 quokkas
  7 frilled lizards
  A jackal zombie (D:6)
  6 kobolds
  A leopard gecko skeleton (D:6)
  7 rats
180 creatures vanquished.

Vanquished Creatures (collateral kills)
  An adder (D:3)
  An orc (D:3)
2 creatures vanquished.

Vanquished Creatures (others)
  A troll (D:9)
  2 slaves (D:6)
  A bullfrog (D:6)
  A crimson imp (D:6)
  A leopard gecko (D:6)
6 creatures vanquished.

Grand Total: 188 creatures vanquished

Notes
Turn   | Place    | Note
-------+----------+-------------------------------------------
     0 | Abyss:1  | Kairos the Formicid Abyssal Knight began the quest for the
                  | Orb.
     0 | Abyss:1  | Reached XP level 1. HP: 18/18 MP: 2/2
    52 | Abyss:2  | Noticed a neqoxec
    56 | Abyss:2  | Gained mutation: You are weak. (Str -2) [a neqoxec]
    58 | Abyss:2  | Noticed a great orb of eyes
    60 | Abyss:2  | Noticed a worldbinder
    60 | Abyss:2  | Gained mutation: Scrolls take you a little longer to read.
                  | [a neqoxec]
    65 | Abyss:2  | Noticed a smoke demon
    66 | Abyss:2  | Noticed a swamp drake
    67 | Abyss:2  | Noticed a vampire mosquito
    67 | Abyss:2  | Noticed a vampire mosquito
    67 | Abyss:2  | Noticed a vampire mosquito
    68 | Abyss:2  | Found a corrupted altar of Lugonu.
    70 | Abyss:2  | Noticed a quasit
    73 | D:1      | Escaped the Abyss
    76 | D:1      | Lost mutation: Scrolls take you a little longer to read.
                  | [potion of mutation]
    76 | D:1      | Lost mutation: You are weak. (Str -2) [potion of mutation]
    76 | D:1      | Gained mutation: You have a somewhat thin skeletal
                  | structure. (Dex +2, Stealth) [potion of mutation]
    76 | D:1      | Gained mutation: You are partially covered in thin metallic
                  | scales. (AC +2) [potion of mutation]
    76 | D:1      | Gained mutation: You expend magic power (3 MP) to
                  | strengthen your wands. [potion of mutation]
   298 | D:1      | Reached XP level 2. HP: 23/25 MP: 3/3
   344 | D:1      | Reached * piety under Lugonu
   435 | D:1      | Reached XP level 3. HP: 20/30 MP: 4/4
   895 | D:1      | Lost mutation: You have a somewhat thin skeletal structure.
                  | (Dex +2, Stealth) [potion of mutation]
   895 | D:1      | Lost mutation: You expend magic power (3 MP) to strengthen
                  | your wands. [potion of mutation]
   895 | D:1      | Gained mutation: Your spells are a little harder to cast,
                  | but a little more powerful. [potion of mutation]
   895 | D:1      | Gained mutation: You have large cloven feet. [potion of
                  | mutation]
   939 | D:2      | Reached XP level 4. HP: 25/38 MP: 5/5
   940 | D:2      | Reached skill level 1 in Dodging
  1174 | D:2      | Reached ** piety under Lugonu
  1670 | D:3      | Noticed an orc warrior
  2017 | D:3      | Reached XP level 5. HP: 42/43 MP: 6/6
  2377 | D:3      | Reached XP level 6. HP: 32/50 MP: 7/7
  2616 | D:3      | Killed an orc warrior
  2745 | D:3      | Found a sacrificial altar of Ru.
  3052 | D:3      | Reached *** piety under Lugonu
  3056 | D:3      | Noticed Ijyb
  3068 | D:3      | Killed Ijyb
  3170 | D:3      | Found an iron altar of Okawaru.
  3435 | D:4      | Learned a level 3 spell: Confuse
  3450 | D:4      | Noticed a phantom
  3479 | D:4      | Killed a phantom
  3479 | D:4      | Reached skill level 5 in Fighting
  3479 | D:4      | Reached XP level 7. HP: 35/56 MP: 8/8
  3673 | D:4      | Found a shadowy altar of Dithmenos.
  3702 | D:4      | Found a staircase to the Ecumenical Temple.
  4030 | D:5      | Entered Level 5 of the Dungeon
  4108 | D:5      | Reached skill level 5 in Polearms
  4290 | D:5      | Found Quss's Assorted Antiques.
  4293 | D:5      | Bought a runed quarterstaff for 140 gold pieces
  4435 | D:5      | Reached skill level 1 in Stealth
  4737 | D:6      | Found a runed translucent door.
  4738 | D:6      | Noticed Crazy Yiuf
  4827 | D:6      | Noticed a hippogriff
  4840 | D:6      | Killed a hippogriff
  4840 | D:6      | Reached skill level 2 in Staves
  4840 | D:6      | Reached XP level 8. HP: 45/64 MP: 9/9
  4873 | D:6      | Noticed Pikel
  4873 | D:6      | Noticed Menkaure
  4900 | D:6      | Killed Pikel
  4900 | D:6      | Reached skill level 4 in Staves
  4900 | D:6      | Reached skill level 5 in Armour
  4900 | D:6      | Reached skill level 1 in Shields
  4907 | D:6      | Killed Menkaure
  4907 | D:6      | Reached XP level 9. HP: 51/69 MP: 10/10
  5400 | D:6      | Reached skill level 5 in Staves
  5645 | D:6      | Killed Crazy Yiuf
  5712 | D:7      | Found Kukhliuch's Magic Scroll Shop.
  5785 | D:7      | Reached **** piety under Lugonu
  5799 | D:7      | Reached skill level 6 in Staves
  5850 | D:7      | Found a glowing golden altar of the Shining One.
  5904 | D:7      | Found a sparkling altar of Nemelex Xobeh.
  5904 | D:7      | Found an ancient bone altar of Kikubaaqudgha.
  6161 | D:7      | Noticed a hippogriff
  6168 | D:7      | Killed a hippogriff
  6381 | D:8      | Reached skill level 7 in Staves
  6436 | D:8      | Noticed a two-headed ogre
  6451 | D:8      | Killed a two-headed ogre
  6451 | D:8      | Reached skill level 8 in Staves
  6451 | D:8      | Reached XP level 10. HP: 55/77 MP: 11/11
  6847 | D:8      | Found a shattered altar of Ashenzari.
  7182 | D:9      | Found a bloodstained altar of Trog.
  7186 | D:9      | Reached skill level 9 in Staves
  7227 | D:9      | Lost mutation: You have large cloven feet. [potion of
                  | mutation]
  7227 | D:9      | Lost mutation: Your spells are a little harder to cast, but
                  | a little more powerful. [potion of mutation]
  7227 | D:9      | Gained mutation: You are resistant to hostile enchantments.
                  | (MR+) [potion of mutation]
  7227 | D:9      | Gained mutation: You expend magic power (3 MP) to
                  | strengthen your wands. [potion of mutation]
  7261 | D:9      | Noticed a two-headed ogre
  7287 | D:9      | Found a hide-covered altar of Uskayaw.
  7676 | D:9      | HP: 3/79 [two-headed ogre/cursed +0 giant club (12)]
  7678 | D:9      | Mangled by a two-headed ogre

Skill      XL: |  1  2  3  4  5  6  7  8  9 10 |
---------------+-------------------------------+-----
Fighting       | 4 5 6 7 |  7.3
Dodging        | 1 2 3 |  3.0
Armour         | 3 4 5 6 |  6.7
Polearms       | 3 4 5 |  5.7
Stealth        | 1 2 |  2.4
Staves         | 2 4 8 9 |  9.1
Shields        | 1 2 3 |  3.0
Invocations    | |  2.3
Evocations     | |  0.2

Action                   |  1- 3 |  4- 6 |  7- 9 | 10-12 || total
-------------------------+-------+-------+-------+-------++-------
Melee: Spear             |   109 |   209 |    45 |       ||   363
       Kick              |     7 |    56 |    70 |    38 ||   171
       Quarterstaff      |       |       |   220 |   155 ||   375
Invok: Depart the Abyss  |     1 |       |       |       ||     1
 Abil: Dig               |       |     2 |     1 |       ||     3
Evoke: Wand              |       |     2 |       |     8 ||    10
  Use: Potion            |     2 |       |       |     2 ||     4
       Scroll            |     1 |     7 |     1 |     7 ||    16
 Stab: Sleeping          |     1 |       |       |       ||     1
  Eat: Chunk             |       |     8 |    10 |     2 ||    20
       Ration            |       |       |       |     2 ||     2
Armor: Leather armour    |     4 |       |       |       ||     4
       Scale mail        |    61 |    59 |    42 |       ||   162
       Chain mail        |       |       |    34 |    66 ||   100
Dodge: Dodged            |    34 |   105 |   131 |    87 ||   357
Block: Buckler           |       |       |    25 |    20 ||    45
